 Dungeon Crawl Stone Soup version 0.27-a0-562-g0d39f094a4 (webtiles) character file.

Game seed: 2694153114765811779

83 sahdkjhfkaj the Changer (level 4, -2/42 HPs)
             Began as an Ogre Venom Mage on Mar 9, 2021.
             Slain by a worm (6 damage)
             ... on level 3 of the Dungeon.
             The game lasted 00:03:29 (2915 turns).

sahdkjhfkaj the Changer (Ogre Venom Mage)           Turns: 2915, Time: 00:03:30

Health: -2/42      AC:  4    Str: 12    XL:     4   Next: 44%
Magic:  1/7        EV: 10    Int: 17    God:
Gold:   55         SH:  0    Dex:  9    Spells: 4/7 levels left

rFire    . . .     SeeInvis .   (no weapon)
rCold    . . .     Faith    .   (no shield)
rNeg     . . .     Spirit   .   a - +0 robe
rPois    .         Reflect  .   (helmet restricted)
rElec    .         Harm     .   g - +0 cloak
rCorr    .         Rampage  .   (gloves unavailable)
Will     .....                  (boots unavailable)
Stlth    +.........             (no amulet)
HPRegen  0.14/turn              (no ring)
MPRegen  0.10/turn              (no ring)

@: no status effects
A: large, unfitting armour, tough skin 1
a: no special abilities


You were on level 3 of the Dungeon.
You visited 1 branch of the dungeon, and saw 3 of its levels.

You collected 55 gold pieces.

Inventory:

Armour
 a - a +0 robe (worn)
 g - a +0 cloak (worn)
Jewellery
 i - an amulet of reflection
Scrolls
 b - 4 scrolls of enchant armour {unknown}
 e - a scroll of magic mapping {unknown}
 h - a scroll of enchant weapon {unknown}
 k - a scroll of identify {unknown}
Potions
 c - a potion of berserk rage {unknown}
 d - 2 potions of curing {unknown}
 f - 2 potions of heal wounds {unknown}
 j - a potion of lignification {unknown}


   Skills:
 + Level 2.1 Fighting
 - Level 2.0 Dodging
 - Level 1.4 Stealth
 - Level 2.4 Spellcasting
 - Level 3.0 Transmutations
 - Level 1.0 Air Magic
 - Level 2.6 Poison Magic


You had 4 spell levels left.
You knew the following spells:

 Your Spells              Type           Power      Damage    Failure   Level
p - Poisonous Vapours     Pois/Air       16%        N/A       13%         2
z - Sting                 Tmut/Pois      44%        1d5       6%          1

Your spell library contained the following spells:

 Spells                   Type           Power      Damage    Failure   Level
 Ignite Poison            Fire/Tmut/Pois 8%         N/A       26%         3
 Mephitic Cloud           Conj/Pois/Air  6%         N/A       32%         3
 Olgreb's Toxic Radiance  Pois           11%        N/A       52%         4


Dungeon Overview and Level Annotations

Branches:
Dungeon (3/15)

Altars:
Wu Jian


Innate Abilities, Weirdness & Mutations

You are too large for most types of armour.
You have tough skin. (AC +1)


Message History

Your magical contamination has completely faded away.
You completely miss the worm.
The worm is severely wounded.
You barely miss the worm.
The worm is severely wounded.
The worm bites you!
You are too injured to fight recklessly!
You are too injured to fight recklessly!
You are too injured to fight recklessly!
A worm is nearby!
A worm is nearby!
Casting: Poisonous Vapours (safe; 13% risk of failure)
Confirm with . or Enter, or press ? or * to list all spells.
Aiming: Poisonous Vapours (safe; 13% risk of failure)
Press: ? - help, Dir - move target, f/p - worm
Aim: a worm (severely wounded, poisoned) Poisonous vapours surround the worm!
The worm barely misses you. The worm bites you.
The worm looks more healthy.
The worm bites you! The worm bites you! The worm bites you!
* * * LOW HITPOINT WARNING * * *
Casting: Poisonous Vapours (safe; 13% risk of failure)
Confirm with . or Enter, or press ? or * to list all spells.
Okay, then.
Welcome back, sahdkjhfkaj the Ogre Venom Mage.
Press ? for a list of commands and other information.
You are too injured to fight recklessly!
You hit the worm but do no damage.
The worm is heavily wounded.
You hit the worm.
The worm is heavily wounded.
The worm barely misses you.
You hit the worm.
The worm is heavily wounded.
You barely miss the worm.
The worm is heavily wounded.
The worm bites you.
You die...

#. #.# ##.###### #. #.
#.# #.....### #..
#.###.####.......# #..#
#...........###.# #...#
#..†.......# . #..#.#
#.#.#####.<###.#
......###.#.# #.)....#
#...........#####.......
#.....w@................
#.....##################
.>.## #


You could see a worm.

Vanquished Creatures
  Crazy Yiuf (D:2)
  2 dart slugs (D:1)
  2 leopard geckos (D:1)
  An orc (D:3)
  A ball python (D:2)
  4 giant cockroaches
  A goblin (D:1)
  4 hobgoblins
  8 jackals
  6 bats
  8 kobolds
  3 rats
41 creatures vanquished.

Vanquished Creatures (others)
  A kobold (D:1)
  6 plants (D:1)
7 creatures vanquished.

Grand Total: 48 creatures vanquished

Notes
Turn   | Place    | Note
-------+----------+-------------------------------------------
     0 | D:1      | sahdkjhfkaj the Ogre Venom Mage began the quest for the
                  | Orb.
     0 | D:1      | Reached XP level 1. HP: 16/16 MP: 3/3
    60 | D:1      | Reached skill level 1 in Transmutations
   138 | D:1      | Reached skill level 1 in Fighting
   179 | D:1      | Reached XP level 2. HP: 27/27 MP: 0/5
   196 | D:1      | Reached skill level 1 in Air Magic
   568 | D:1      | Learned a level 2 spell: Poisonous Vapours
   764 | D:1      | Reached XP level 3. HP: 20/33 MP: 0/6
  1052 | D:1      | Reached skill level 2 in Transmutations
  1541 | D:2      | Found an ornate altar of the Wu Jian Council.
  1672 | D:2      | Found a runed translucent door.
  1673 | D:2      | Noticed Crazy Yiuf
  1801 | D:2      | Killed Crazy Yiuf
  1802 | D:2      | Reached skill level 3 in Transmutations
  1802 | D:2      | Reached XP level 4. HP: 30/41 MP: 0/7
  2915 | D:3      | Slain by a worm

Illustrated notes

Levels and vault maps discovered:
D:1:      lightli_arrival_windingriver, layout_loops_ring,
          lexackson_kobold_supper
D:2:      layout_loops_corners, nicolae_wu_jian_wuxing_cycle,
          uniq_crazy_yiuf_cottage
D:3:      layout_loops_ring, due_unseen_surprise, uniq_ijyb

Skill      XL: |  1  2  3  4 |
---------------+-------------+-----
Transmutations | 1 3 |  3.0
Dodging        | 2 |  2.0
Fighting       | 1 2 |  2.1
Air Magic      | 1 |  1.0
Stealth        | |  1.4
Spellcasting   | |  2.4
Poison Magic   | |  2.6

Action                   |  1- 3 |  4- 6 || total
-------------------------+-------+-------++-------
Melee: Unarmed           |    23 |    21 ||    44
 Cast: Sting             |    28 |     7 ||    35
       Poisonous Vapours |    21 |    15 ||    36
Armor: Robe              |    19 |     8 ||    27
Dodge: Dodged            |    38 |    20 ||    58

Table legend: (Time is in decaauts)
 A = Elapsed time spent in this place.
 B = Non-inter-level travel time spent in this place.
 C = Inter-level travel time spent in this place.
 D = Time resting spent in this place.
 E = Time spent auto-exploring this place.
 F = Levels seen in this place.
 G = Mean time per level.
                   A        B        C        D        E       F      G
               +--------+--------+--------+--------+--------+-----+--------+
         Total |   2915 |   2855 |     60 |     29 |   2526 |   3 |  971.7 |
       Dungeon |   2915 |   2855 |     60 |     29 |   2526 |   3 |  971.7 |
               +--------+--------+--------+--------+--------+-----+--------+

Top non-repeatable levels by time:
     D:1: 1469 daAuts
     D:2: 1294 daAuts
     D:3: 151 daAuts
